 Dungeon Crawl Stone Soup version 0.31.0-4-g52a2dc7128 (webtiles) character file.

Game seed: 18141074790186771569

35067 raph the Phalangite (level 13, -4/108 HPs)
             Began as a Minotaur Berserker on Jan 21, 2024.
             Was a High Priest of Trog.
             Killed by divine providence
             ... invoked by a meliai
              (10 damage)
             ... on level 4 of the Lair of Beasts.
             The game lasted 00:24:05 (18644 turns).

raph the Phalangite (Minotaur Berserker)           Turns: 18644, Time: 00:24:05

Health: -4/108     AC: 20    Str: 28    XL:     13   Next: 45%
Magic:  21/21      EV: 13    Int: 14    God:    Trog [*****.]
Gold:   676        SH:  5    Dex: 29    Spells: 12/12 levels left

rFire   + . .        a - +0 bardiche of the Gazing Enemy {flame, rF+ rN+ Will+}
rCold   . . .        (shield currently unavailable)
rNeg    + . .        C - +2 plate armour {rPois}
rPois   +            T - +0 hat
rElec   .            d - +0 cloak
rCorr   +            P - +0 pair of gloves
SInv    .            l - +1 pair of boots
Will    +++..        G - amulet "Puink" {Reflect Int+4 Dex+5 SH+5} Stlth
                     D - ring "Sodihire" {Int+3 Dex+6}
HPRegen 1.38/turn    F - ring of Vima {rCorr MP+9 Str+6 Int+3 Dex+3}
MPRegen 0.17/turn

%: reflection
@: strong-willed, regenerating
A: horns 2, retaliatory headbutt
a: Renounce Religion, Berserk, Trog's Hand, Brothers in Arms


You were on level 4 of the Lair of Beasts.
You worshipped Trog.
Trog was extremely pleased with you.
You visited 2 branches of the dungeon, and saw 15 of its levels.

You collected 1124 gold pieces.
You spent 448 gold pieces at shops.

Inventory:

Hand Weapons
 a - the +0 bardiche of the Gazing Enemy (weapon) {flame, rF+ rN+ Will+}
   (You acquired it on level 5 of the Dungeon)

   rF+:       It protects you from fire.
   rN+:       It protects you from negative energy.
   Will+:     It increases your willpower.
 b - a +0 orcbow
 w - the +9 short sword of Victory {drain, rF- Str+2 Dex+4 SInv}
   (You found it on level 2 of the Dungeon)

   Str+2:     It affects your strength (+2).
   Dex+4:     It affects your dexterity (+4).
   rF-:       It makes you vulnerable to fire.
   SInv:      It lets you see invisible.
 M - a +0 glaive
 Q - a +2 antimagic glaive
Missiles
 k - 2 curare-tipped darts
 n - 17 boomerangs (quivered)
 x - 4 throwing nets
 H - 9 poisoned darts
Armour
 d - a +0 cloak (worn)
 l - a +1 pair of boots (worn)
 C - a +2 plate armour of poison resistance (worn)
 P - a +0 pair of gloves (worn)
 T - a +0 hat (worn)
Jewellery
 c - a +6 ring of strength
 h - a +6 ring of intelligence
 j - a +6 ring of dexterity
 m - a +4 ring of slaying
 s - a +6 ring of dexterity
 B - an amulet of the acrobat
 D - the ring "Sodihire" (left hand) {Int+3 Dex+6}
   (You found it on level 7 of the Dungeon)

   [ring of dexterity]

   Int+3:     It affects your intelligence (+3).
   Dex+6:     It affects your dexterity (+6).
 E - the ring "Upebezewa" {rPois Slay+3}
   (You took it off a deep elf pyromancer on level 7 of the Dungeon)

   [ring of poison resistance]

   Slay+3:    It affects your accuracy & damage with ranged weapons and melee
   (+3).
   rPois:     It protects you from poison
 F - the ring of Vima (right hand) {rCorr MP+9 Str+6 Int+3 Dex+3}
   (You found it on level 7 of the Dungeon)

   [ring of strength]

   Str+6:     It affects your strength (+6).
   Int+3:     It affects your intelligence (+3).
   Dex+3:     It affects your dexterity (+3).
   MP+9:      It affects your magic capacity (+9).
   rCorr:     It protects you from acid and corrosion.
 G - the amulet "Puink" (around neck) {Reflect Int+4 Dex+5 SH+5}
   (You found it on level 7 of the Dungeon)

   [amulet of reflection]

   Reflect:   It reflects blocked missile attacks.
   Int+4:     It affects your intelligence (+4).
   Dex+5:     It affects your dexterity (+5).
   SH+5:      It affects your SH (+5).
Talismans
 f - a beast talisman
Wands
 t - a wand of acid (16)
 y - a wand of charming (5)
 L - a wand of mindburst (10)
 U - a wand of iceblast (4)
Scrolls
 e - 9 scrolls of teleportation
 g - 2 scrolls of torment
 q - a scroll of revelation
 r - 8 scrolls of enchant weapon
 J - 2 scrolls of fog
 K - 2 scrolls of butterflies
 R - 4 scrolls of immolation
 W - 2 scrolls of vulnerability
 X - 2 scrolls of poison
Potions
 i - 10 potions of curing
 o - 6 potions of lignification
 p - 3 potions of mutation
 u - 3 potions of might
 v - 4 potions of heal wounds
 z - 3 potions of berserk rage
 A - 3 potions of attraction
 I - 2 potions of resistance
 N - 2 potions of enlightenment
 O - 2 potions of haste {unknown}
 V - a potion of cancellation {unknown}
 Y - a potion of magic {unknown}
Miscellaneous
 S - a lightning rod (4/4)


   Skills:
 - Level 8.5 Fighting
 + Level 22.0 Polearms
 - Level 5.7 Throwing
 - Level 7.7 Armour
 - Level 7.1 Dodging
 - Level 4.5 Shapeshifting


You had 12 spell levels left.
You didn't know any spells.
Your spell library was empty.

Dungeon Overview and Level Annotations

Branches:
Dungeon (11/15)            Temple (0/1) D:6            Lair (4/5) D:11
  Swamp (0/4) Lair:3        Snake (0/4) Lair:2          Orc (0/2) D:11
  Slime: Lair:4-5

Altars:
Cheibriados
Dithmenos
Ru
Wu Jian
Xom

Shops:
D:2 (   D:6 [

Annotations:
D:8 3 runed translucent doors, Aviak's ghost, novice BaSh


Innate Abilities, Weirdness & Mutations

You have a pair of horns on your head.
You reflexively headbutt those who attack you in melee.


Message History

You headbutt the killer bee!
You kill the killer bee!
Trog accepts your kill.
The killer bee stings you but does no damage.
The killer bee closely misses you. You furiously retaliate!
You headbutt the killer bee!
You kill the killer bee!
Trog accepts your kill.
The killer bee stings you but does no damage.
Your Polearms skill increases to level 22!
The killer bee attacks as it pursues you!
The killer bee barely misses you.
The meliai calls upon its god to heal the killer bee.
The killer bee's wounds heal themselves!
The killer bee stings you but does no damage.
The killer bee misses you. You furiously retaliate!
You headbutt the killer bee.
You kill the killer bee!
Trog accepts your kill.
The meliai mumbles some strange prayers to its god against you.
Something smites you!
* * * LOW HITPOINT WARNING * * *
The meliai mumbles some strange prayers to its god against you.
Something smites you!
* * * LOW HITPOINT WARNING * * *
You block the killer bee's attack. The killer bee barely misses you.
There is an open door, spattered with blood here.
Things that are here:
a yak corpse; a komodo dragon corpse; a yak corpse You miss the killer bee.
The meliai calls down the wrath of its god upon you.
Something smites you!
* * * LOW HITPOINT WARNING * * *
The killer bee stings you but does no damage.
The meliai calls upon its god to heal the killer bee.
The killer bee is healed somewhat.
The meliai calls down the wrath of its god upon you.
Something smites you!
You die...

###...P+## ## ## .........#
#####.##.## ###.#.P.#.#
+..........# ###.#.......#
#..........# ##.'...#....##
......<....# ##yy.<....#.#.#
#.P........###yy#...#.......
...........##yyyy#.......#..
#.+........@yy#####..#####.#
#....(....#### ##....# yy
#####.'.### #.##### yy
#.#.## ### y. ##..## y.
##...# !! #..### #Y## #..


You could see 3 meliai and 7 killer bees.

Vanquished Creatures
  A hydra (Lair:3)
  2 two-headed ogres
  A boulder beetle (D:9)
  6 death yaks (Lair:2)
  A bog body (Lair:3)
  A deep elf pyromancer (D:7)
  2 ugly things (D:7)
  A salamander (Lair:2)
  A cyclops (D:7)
  3 elephants (Lair:3)
  2 black mambas
  A torpor snail (Lair:3)
  2 unseen horrors
  7 cane toads
  2 rime drakes
  5 komodo dragons
  A tengu conjurer (D:11)
  The ghost of emikaela the Scratcher, a novice FeSh of Trog (D:5)
  A polar bear (D:11)
  3 trolls
  Grinder (D:3)
  A hornet (D:11)
  A centaur simulacrum (D:10)
  3 shadows
  Eustachio (D:4)
  4 wyverns
  A vampire (D:7)
  3 wraiths
  A fire elemental (Lair:1)
  32 yaks
  4 basilisks
  8 vampire mosquitoes
  3 nagas (Lair:2)
  A swamp worm (Lair:3)
  An acid dragon (D:5)
  13 water moccasins
  A swamp drake (D:11)
  3 black bears
  6 ice beasts
  6 orc warriors
  9 ogres
  10 wolves
  2 phantoms
  9 centaurs
  3 kobold brigands
  5 bullfrogs
  5 gnoll sergeants
  A scorpion (D:7)
  13 wights
  14 killer bees
  8 howler monkeys
  6 electric eels
  2 bombardier beetles
  A lava snake (Lair:1)
  8 orc priests
  4 hounds (D:6)
  8 gnoll boudas
  5 jellies
  Crazy Yiuf (D:4)
  3 sleepcaps
  6 iguanas
  16 orc wizards
  5 hell rats (Lair:3)
  47 gnolls
  8 adders
  3 white imps
  An ufetubus (D:10)
  2 ribbon worms
  A dart slug (D:4)
  32 orcs
  5 endoplasms
  2 giant cockroaches (D:4)
  5 goblins
  10 hobgoblins
  12 jackals
  16 kobolds
  2 quokkas
  7 ball pythons
  A bat (D:2)
  4 frilled lizards
  6 rats
446 creatures vanquished.

Notes
Turn   | Place    | Note
-------+----------+-------------------------------------------
     0 | D:1      | raph the Minotaur Berserker began the quest for the Orb.
     0 | D:1      | Reached XP level 1. HP: 19/19 MP: 0/0
    34 | D:1      | Reached skill level 4 in Polearms
    90 | D:1      | Reached XP level 2. HP: 26/26 MP: 1/1
   654 | D:1      | Reached skill level 5 in Polearms
  1025 | D:2      | Reached XP level 3. HP: 31/31 MP: 2/2
  1243 | D:2      | Found Xiamp's Antique Weapon Boutique.
  1257 | D:2      | Reached ** piety under Trog
  1407 | D:2      | Identified the +2 whip of Laceration {vamp, Int+2}
  1465 | D:2      | Identified the +9 short sword of Victory {drain, rF- Str+2
                  | Dex+4 SInv}
  2032 | D:3      | Noticed Grinder
  2037 | D:3      | Killed Grinder
  2038 | D:3      | Reached skill level 6 in Polearms
  2038 | D:3      | Reached skill level 1 in Shapeshifting
  2038 | D:3      | Reached XP level 4. HP: 40/40 MP: 3/3
  2038 | D:3      | Reached XP level 5. HP: 46/46 MP: 4/4
  2331 | D:3      | Found a sacrificial altar of Ru.
  2608 | D:4      | Noticed an ogre
  2612 | D:4      | Killed an ogre
  2613 | D:4      | Reached XP level 6. HP: 53/53 MP: 5/5
  2699 | D:4      | Found a shimmering altar of Xom.
  2701 | D:4      | Found a shimmering altar of Xom.
  2755 | D:4      | Found a shimmering altar of Xom.
  2755 | D:4      | Found a shimmering altar of Xom.
  3085 | D:4      | Reached skill level 7 in Polearms
  3178 | D:4      | Noticed Eustachio
  3407 | D:4      | Killed Eustachio
  3408 | D:4      | Reached skill level 1 in Throwing
  3408 | D:4      | Reached XP level 7. HP: 34/60 MP: 6/6
  4029 | D:4      | Found a runed translucent door.
  4030 | D:4      | Noticed Crazy Yiuf
  4036 | D:4      | Killed Crazy Yiuf
  4294 | D:5      | Entered Level 5 of the Dungeon
  4407 | D:4      | Reached skill level 5 in Fighting
  4828 | D:5      | Found a runed translucent door.
  4831 | D:5      | Noticed emikaela's ghost (novice FeSh)
  5298 | D:5      | Reached skill level 8 in Polearms
  5298 | D:5      | Reached XP level 8. HP: 69/69 MP: 7/7
  6019 | D:5      | Reached *** piety under Trog
  6028 | D:5      | Identified a scroll of acquirement
  6028 | D:5      | Acquired the +0 bardiche of the Gazing Enemy {flame, rF+
                  | rN+ Will+}
  6214 | D:6      | Reached skill level 5 in Armour
  6635 | D:6      | Reached skill level 9 in Polearms
  6708 | D:6      | Reached skill level 5 in Dodging
  6757 | D:6      | Found an ornate altar of the Wu Jian Council.
  6817 | D:6      | Found Inloyli's Armour Shoppe.
  6889 | D:6      | Reached XP level 9. HP: 73/78 MP: 8/8
  6925 | D:6      | Found a staircase to the Ecumenical Temple.
  7195 | D:6      | Reached **** piety under Trog
  7676 | D:7      | Reached skill level 10 in Polearms
  8375 | D:7      | Noticed a purple ugly thing
  8399 | D:7      | Noticed a cyclops
  8403 | D:7      | Noticed a green ugly thing
  8406 | D:7      | Killed a cyclops
  8407 | D:7      | Reached XP level 10. HP: 86/86 MP: 9/9
  8412 | D:7      | Killed a green ugly thing
  8524 | D:6      | Bought a +1 plate armour of poison resistance for 448 gold
                  | pieces
  8615 | D:7      | Killed a purple ugly thing
  8616 | D:7      | Reached skill level 11 in Polearms
  8616 | D:7      | Reached skill level 5 in Throwing
  8769 | D:7      | Identified the ring "Sodihire" {Int+3 Dex+6}
  8772 | D:7      | Identified the ring "Upebezewa" {rPois Slay+3}
  8772 | D:7      | Noticed a deep elf pyromancer
  8777 | D:7      | Noticed a two-headed ogre
  8785 | D:7      | Killed a two-headed ogre
  8788 | D:7      | Killed a deep elf pyromancer
  9096 | D:7      | Identified the ring of Vima {rCorr MP+9 Str+6 Int+3 Dex+3}
  9157 | D:7      | Identified the amulet "Puink" {Reflect Int+4 Dex+5 SH+5}
  9595 | D:8      | Reached skill level 12 in Polearms
 10191 | D:8      | Reached XP level 11. HP: 95/95 MP: 10/10
 10326 | D:8      | Found a shadowy altar of Dithmenos.
 10517 | D:8      | Found a snail-covered altar of Cheibriados.
 10585 | D:8      | Found a runed translucent gate.
 10585 | D:8      | Found a runed translucent gate.
 10587 | D:8      | Noticed Aviak's ghost (novice BaSh)
 10589 | D:8      | Found a runed translucent gate.
 10782 | D:9      | Reached skill level 13 in Polearms
 11175 | D:9      | You fall into a shaft and drop 2 floors!
 11289 | D:11     | Reached skill level 14 in Polearms
 11426 | D:10     | Entered Level 10 of the Dungeon
 11555 | D:10     | Reached ***** piety under Trog
 11747 | D:9      | Noticed a boulder beetle
 11754 | D:9      | Killed a boulder beetle
 11755 | D:9      | Reached skill level 15 in Polearms
 12440 | D:9      | Reached skill level 16 in Polearms
 12682 | D:10     | Noticed a two-headed ogre
 12685 | D:10     | Killed a two-headed ogre
 13714 | D:11     | Reached XP level 12. HP: 80/103 MP: 11/11
 13882 | D:11     | Reached skill level 17 in Polearms
 14236 | D:11     | Found a staircase to the Orcish Mines.
 14384 | D:11     | Found a staircase to the Lair.
 14629 | Lair:1   | Entered Level 1 of the Lair of Beasts
 14947 | Lair:1   | Reached skill level 18 in Polearms
 14949 | Lair:1   | Received a gift from Trog
 15772 | Lair:2   | Reached skill level 19 in Polearms
 15944 | D:5      | Killed emikaela's ghost
 16478 | Lair:2   | Noticed a death yak
 16478 | Lair:2   | Noticed a death yak
 16478 | Lair:2   | Noticed a death yak
 16495 | Lair:2   | Noticed a death yak
 16497 | Lair:2   | Killed a death yak
 16497 | Lair:2   | Noticed a death yak
 16499 | Lair:2   | Killed a death yak
 16499 | Lair:2   | Noticed a death yak
 16501 | Lair:2   | Killed a death yak
 16510 | Lair:2   | Killed a death yak
 16511 | Lair:2   | Reached skill level 20 in Polearms
 16513 | Lair:2   | Killed a death yak
 16518 | Lair:2   | Killed a death yak
 16637 | Lair:2   | Found a staircase to the Snake Pit.
 16649 | Lair:2   | Reached XP level 13. HP: 60/108 MP: 12/12
 17330 | Lair:3   | Reached skill level 21 in Polearms
 17933 | Lair:3   | Identified the +5 halberd "Bupregev" {antimagic, Will+}
                  | (Trog gifted it to you on level 3 of the Lair of Beasts)
 17933 | Lair:3   | Received a gift from Trog
 18270 | Lair:3   | Found a staircase to the Swamp.
 18641 | Lair:4   | Reached skill level 22 in Polearms
 18644 | Lair:4   | Killed from afar by a meliai

Illustrated notes

Levels and vault maps discovered:
D:1:      mrwooster_arrival_arrow, layout_loops_ring, minmay_misc_feat_tower,
          chequers_arboretum, solitary_fountain, minmay_tromino_v4_b
D:2:      layout_basic, serial_shops, shop
D:3:      layout_basic, hangedman_ru_absence, uniq_grinder
D:4:      minmay_angry_zag, layout_basic, xom_redecorated, minivault_25,
          feat_on_display, uniq_crazy_yiuf_cottage, uniq_eustachio
D:5:      layout_basic, ebering_ghost_inner_flame
D:6:      layout_cave_pools, mainiacjoe_overflow_boulevard,
          minmay_temple_entry_from_below_b, serial_gnoll_camp,
          gnoll_camp_mini_house, gnoll_camp_huts_moat, gnoll_camp_mini_hut,
          gnoll_camp_mini_basic, gnoll_camp_medium_02, gnoll_camp_mini_shop
D:7:      minmay_the_grid_triangle_9x9_rhombus_thin
          [minmay_the_grid_triangle_9x9_warning,
          minmay_the_grid_triangle_9x9_prize_special,
          minmay_the_grid_triangle_9x9_skeleton,
          minmay_the_grid_triangle_9x9_swiss_cheese], layout_basic
D:8:      layout_rooms, lemuel_coloured_pillars_altar, amcnicky_altar_gilded,
          gammafunk_ghost_nasty_kobolds, disabler_island
D:9:      layout_irregular_city
D:10:     layout_loops_ring, serial_ice, serial_ice_n, serial_ice_e,
          serial_ice_c, serial_ice_d
D:11:     kennysheep_seaside_town, layout_loops_ring, hellmonk_lair_entry_icy,
          erik_orc_1, st_stairs_2, grunt_ogre_cave
Lair:1:   layout_gridlike
Lair:2:   layout_chaotic_city, alex1729_snake_entry_snake,
          nicolae_quartered_pool_impasse
Lair:3:   layout_loops_ring, nicolae_swamp_entry_splash_gauntlet,
          cheibrodos_lair_reptile_den, grunt_megastairs_4, serial_bayou_shore_a
Lair:4:   layout_roguey, special_room [special_room_bee]

Skill      XL: |  1  2  3  4  5  6  7  8  9 10 11 12 13 |
---------------+----------------------------------------+-----
Polearms       | 4 5 6 7 8 9 10 12 16 20 22 | 22.0
Fighting       | 4 5 6 7 8 |  8.5
Armour         | 3 4 5 6 7 |  7.7
Shapeshifting  | 1 2 3 4 |  4.5
Dodging        | 3 4 5 6 7 |  7.1
Throwing       | 1 2 3 4 5 |  5.7

Action                     |  1- 3 |  4- 6 |  7- 9 | 10-12 | 13-15 || total
---------------------------+-------+-------+-------+-------+-------++-------
  Melee: Spear             |   122 |    85 |   103 |       |       ||   310
         Headbutt          |    13 |    11 |    40 |    95 |    23 ||   182
         Bardiche          |       |       |   161 |   455 |   125 ||   741
         Short sword       |       |       |       |     2 |       ||     2
   Fire: Orcbow            |       |       |       |     2 |       ||     2
  Throw: Boomerang         |       |     4 |     5 |    28 |     2 ||    39
         Dart              |       |       |       |     3 |       ||     3
 Invoke: Berserk           |     1 |     3 |     4 |    10 |     1 ||    19
         Trog's Hand       |       |       |     1 |     2 |     1 ||     4
Ability: Begin Untransform |     1 |       |     1 |     2 |       ||     4
    Use: Scroll            |       |    10 |     8 |     5 |     1 ||    24
         Potion            |       |       |       |       |     1 ||     1
 Armour: Animal skin       |     2 |       |       |       |       ||     2
         Ring mail         |    18 |       |       |       |       ||    18
         Plate armour      |    24 |   100 |   158 |   304 |    56 ||   642
  Dodge: Dodged            |    22 |    54 |   103 |   244 |    63 ||   486
  Block: Buckler           |     7 |    29 |    21 |       |       ||    57
         Other             |       |       |       |    73 |    19 ||    92
         Reflection        |       |       |       |     4 |       ||     4
   Form: Beast             |     2 |       |     1 |       |       ||     3
